 Dungeon Crawl Stone Soup version 0.19.0-24-gb05acd6 (webtiles) character file.

183 JeffiDaFish the Shield-Bearer (level 5, 0/33 HPs)
             Began as a Gargoyle Fighter on Nov 21, 2016.
             Was an Initiate of Makhleb.
             Slain by an orc priest
             ... wielding a +0 trident
              (1 damage)
             ... on level 4 of the Dungeon.
             The game lasted 00:10:38 (2174 turns).

JeffiDaFish the Shield-Bearer (Gargoyle Fighter)    Turns: 2174, Time: 00:10:39

Health: 0/33       AC: 18    Str: 21    XL:     5   Next: 62%
Magic:  5/5        EV:  4    Int:  8    God:    Makhleb [......]
Gold:   116        SH:  9    Dex:  9    Spells: 1 memorised, 0 levels left

rFire  . . .     SeeInvis .     i - +3 whip (flame)
rCold  . . .     Gourm    .     k - +0 plate armour
rNeg   + . .     Faith    .     c - +0 shield
rPois  ∞         Spirit   .     (no helmet)
rElec  +         Reflect  .     b - +0 cloak
rCorr  .         Harm     .     l - +0 pair of gloves
MR     .....                    (no boots)
Stlth  ..........               (no amulet)
                                (no ring)
                                (no ring)

@: slowed, very slow
A: negative energy resistance 1, electricity resistance, unbreathing,
petrification resistance, rot immunity, AC +4
a: Renounce Religion


You were on level 4 of the Dungeon.
You worshipped Makhleb.
Makhleb was noncommittal.
You were not hungry.

You visited 2 branches of the dungeon, and saw 5 of its levels.

You collected 116 gold pieces.

Inventory:

Hand Weapons
 a - a +0 flail
 i - a +3 whip of flaming (weapon)
Armour
 b - a +0 cloak (worn)
 c - a +0 shield (worn)
 k - a +0 plate armour (worn)
 l - a +0 pair of gloves (worn)
Scrolls
 e - 3 scrolls of identify
Potions
 d - a potion of might
 h - 2 potions of curing
Books
 m - a book of Frost

   Spells                             Type                      Level
   a - Freeze                         Ice                          1
   b - Throw Frost                    Conjuration/Ice              2
   c - Ozocubu's Armour               Charms/Ice                   3
   d - Throw Icicle                   Conjuration/Ice              4
   e - Summon Ice Beast               Ice/Summoning                4
Comestibles
 f - 2 bread rations
 g - 3 chunks of flesh
 j - a meat ration


   Skills:
 * Level 3.9 Fighting
 * Level 3.7 Maces & Flails
 * Level 4.0 Armour
 - Level 0.1 Dodging
 - Level 0.2 Stealth
 * Level 4.5 Shields
 + Level 0.0 Spellcasting
 + Level 0.0 Conjurations
 + Level 0.2 Ice Magic


You couldn't memorise any spells.
You knew the following spells:

 Your Spells              Type           Power        Failure   Level  Hunger
a - Throw Icicle          Conj/Ice       #.......     100%        4    #####..


Dungeon Overview and Level Annotations

Branches:
Dungeon (4/15)             Temple (1/1) D:4

Altars:
Elyvilon
Gozag
Hepliaklqana
Kikubaaqudgha
Makhleb
Nemelex Xobeh
Trog
Vehumet
Yredelemnul
Zin


Innate Abilities, Weirdness & Mutations

You are resistant to torment.
Your stone body is resilient. (AC +4)
You are immune to poison.
You resist negative energy. (rN+)
You are resistant to electric shocks. (rElec)
You can survive without breathing.
You are immune to petrification.
You are immune to rotting.


Message History

You block the orc priest's attack. x2
The orc wizard hits you but does no damage.
You hit the orc priest but do no damage.
The orc priest is moderately wounded.
You block the orc wizard's attack. The orc hits you but does no damage.
You block the orc priest's attack.
The orc priest hits you but does no damage.
The orc wizard hits you but does no damage.
The orc hits you but does no damage.
The orc priest looks satisfied for a moment.
You hit the orc priest. You burn the orc priest.
The orc priest is heavily wounded.
The orc wizard barely misses you.
The orc priest calls down the wrath of Beogh upon you.
Beogh smites you!
* * * LOW HITPOINT WARNING * * *
The orc wizard casts a spell.
The orc wizard blinks!
The orc hits you but does no damage.
The orc priest hits you from afar with a trident.
You die...

############### ##
#.............# #.
#......@o####.#########.
#.....)§o# #............
#......o.# #..#.####....
#........# #..#...##....
#........# #............
#........# #..#.>.......
#......... #..#...#.....
#.....o... #......#.....
.......##...#.


You could see 2 orc priests, an orc wizard and an orc.

Vanquished Creatures
  Crazy Yiuf (D:2)
  An orc wizard (D:4)
  3 adders
  An ooze (D:3)
  2 worms (D:2)
  2 leopard geckos
  5 orcs (D:3)
  A ball python (D:1)
  7 bats
  2 giant cockroaches (D:1)
  10 goblins
  9 hobgoblins
  18 jackals
  2 kobolds (D:1)
  A quokka (D:3)
  3 frilled lizards
  9 rats
  2 fungi (D:2)
79 creatures vanquished.

Notes
Turn   | Place    | Note
-------+----------+-------------------------------------------
     0 | D:1      | JeffiDaFish the Gargoyle Fighter began the quest for the Orb.
     0 | D:1      | Reached XP level 1. HP: 14/14 MP: 1/1
   106 | D:1      | Reached XP level 2. HP: 19/19 MP: 2/2
   631 | D:2      | Reached XP level 3. HP: 17/23 MP: 3/3
   634 | D:2      | Found a sparkling altar of Nemelex Xobeh.
  1152 | D:2      | Reached XP level 4. HP: 25/29 MP: 4/4
  1199 | D:2      | Found a runed door.
  1203 | D:2      | Noticed Crazy Yiuf
  1217 | D:2      | Killed Crazy Yiuf
  1476 | D:3      | Found a sparkling altar of Nemelex Xobeh.
  1591 | D:3      | Reached XP level 5. HP: 33/33 MP: 5/5
  1857 | D:3      | Found a white marble altar of Elyvilon.
  1934 | D:3      | Found a faded altar of an unknown god.
  2061 | D:4      | Found a staircase to the Ecumenical Temple.
  2085 | Temple   | Entered the Ecumenical Temple
  2120 | Temple   | Became a worshipper of Makhleb the Destroyer
  2146 | D:4      | Learned a level 4 spell: Throw Icicle
  2174 | D:4      | HP: 1/33 [orc priest/divine providence (15)]
  2174 | D:4      | Slain by an orc priest

Skill      XL: |  1  2  3  4  5 |
---------------+----------------+-----
Shields        | 4 |  4.5
Maces & Flails | 3 |  3.7
Armour         | 4 |  4.0
Fighting       | |  3.9
Dodging        | |  0.1
Stealth        | |  0.2
Ice Magic      | |  0.2

Action                   |  1- 3 |  4- 6 || total
-------------------------+-------+-------++-------
Melee: Flail             |    72 |       ||    72
       Whip              |    63 |   162 ||   225
  Use: Scroll            |     7 |     2 ||     9
       Potion            |     2 |     1 ||     3
 Stab: Invisible         |       |     1 ||     1
  Eat: Chunk             |     1 |     4 ||     5
Armor: Scale mail        |    81 |       ||    81
       Plate armour      |    27 |    81 ||   108
Dodge: Dodged            |    44 |    11 ||    55
Block: Shield            |    74 |    69 ||   143
